Map: Post-Youth LE

Players

BozoBuffoon

  • Race: Zerg Zerg
  • League: Gold
  • Spawn Location: 7:00

Dexus - Winner!

  • Race: Zerg Zerg
  • League: Gold
  • Spawn Location: 1:00

VOD

Have the link to the VOD?

Description

A little bit after 3:00 minutes, a zergling attack came that I wasn't prepared for. I think that you might need to start a little earlier to recover the game.

Time

  • Played on: June 21, 2024, 1:34 p.m.
  • Length: 6:05
Show
View Real Time Build Order
Export as new Build Order

BozoBuffoon Zerg 

Build Orders: Hatch First 

Get SALT Encoding   

  12  0:02  Drone  
  13  0:17  Overlord  
  13  0:22  Drone  
  14  0:35  Drone  
  14  0:36  Drone  
  14  0:39  Drone  
  17  0:55  Hatchery  
  16  1:01  Drone  
  16  1:02  Drone  
  18  1:06  Extractor  
  17  1:20  Spawning Pool  
  17  1:22  Drone  
  17  1:25  Drone  
  18  1:33  Drone  
  19  1:44  Overlord  
  19  1:57  Drone  
  20  2:07  Zergling x4  
  20  2:08  Queen x2  
  26  2:24  Drone x2  
  28  2:36  Drone x2  
  30  2:48  Drone  
  30  2:49  Drone x2  
  30  2:51  Overlord  
  33  3:03  Baneling Nest  
  32  3:06  Metabolic Boost  
  32  3:16  Evolution Chamber  
  32  3:17  Evolution Chamber  
  30  3:20  Lair  
  30  3:23  Zergling x4  
  30  3:24  Zergling x14  
  37  3:32  Zergling x6  
  28  3:47  Drone  
  28  3:48  Drone  
  29  3:55  Zergling x2  
  30  3:56  Zergling x4  
  20  4:03  Zergling x2  
  20  4:04  Zergling x4  
  23  4:11  Zergling x2  
  22  4:19  Zergling x6  
  14  4:31  Zergling x2  
  14  4:54  Baneling x2  
  14  5:13  Zergling x4  
  11  5:23  Zergling x4  
Show
View Real Time Build Order
Export as new Build Order

Dexus Zerg - Winner!

Build Orders: Pool First, Zergling Baneling 

Get SALT Encoding   

  12  0:01  Drone  
  13  0:13  Overlord  
  13  0:18  Drone  
  14  0:32  Drone x2  
  16  0:39  Drone  
  17  0:48  Spawning Pool  
  17  0:50  Drone  
  17  0:55  Extractor  
  17  0:57  Drone  
  17  1:19  Hatchery  
  17  1:25  Drone x2  
  18  1:36  Zergling x2  
  19  1:41  Zergling x2  
  19  1:43  Queen  
  22  2:12  Overlord  
  22  2:13  Metabolic Boost  
  22  2:16  Overlord  
  22  2:35  Zergling x8  
  26  2:43  Baneling Nest  
  25  2:47  Drone x2  
  25  2:48  Queen  
  29  3:01  Zergling x4  
  31  3:09  Drone x2  
  33  3:17  Zergling x2  
  32  3:35  Zergling x2  
  32  3:36  Zergling x10  
  35  3:47  Baneling x2  
  35  3:48  Baneling  
  34  3:51  Zergling x4  
  33  4:08  Zergling x2  
  33  4:09  Zergling x6  
  37  4:11  Hatchery  
  36  4:31  Zergling x10  
  35  4:32  Zergling x6  
  38  4:42  Baneling x5  
  37  4:46  Zergling x4  
  39  4:55  Baneling x2  
  39  4:56  Baneling  
  39  4:59  Zergling x8  
  43  5:04  Evolution Chamber  
  42  5:13  Zergling x2  
  33  5:31  Zergling x6  
  33  5:32  Zergling x10  
  36  5:38  Zergling x2  
Tags
 
Add a new tag
Caveats
  • Supply blocks, unpowered buildings, or Contaminate may cause inaccurate times.
  • Supply counts are checked every 10 seconds.